 Dungeon Crawl Stone Soup version 0.31-a0-325-g067879e3d3 (webtiles) character file.

Game seed: 8720826159401894857

105 AdnanSaban the Covered (level 4, -1/29 HPs)
             Began as a Gargoyle Fighter on July 18, 2023.
             Slain by Grinder (2 damage)
             ... on level 3 of the Dungeon.
             The game lasted 00:02:16 (1954 turns).

AdnanSaban the Covered (Gargoyle Fighter)           Turns: 1954, Time: 00:02:16

Health: -1/29      AC: 11    Str: 21    XL:     4   Next: 81%
Magic:  4/4        EV:  9    Int:  9    God:
Gold:   162        SH:  4    Dex:  9    Spells: 3/3 levels left

rFire   . . .        a - +0 flail
rCold   . . .        c - +0 buckler
rNeg    + . .        b - +0 scale mail
rPois   ∞            q - +0 helmet
rElec   +            (no cloak)
rCorr   .            (no gloves)
SInv    +            (no boots)
Will    .....        (no amulet) Stlth
                     k - ring of see invisible
HPRegen 0.24/turn    (no ring)
MPRegen 0.09/turn

%: no passive effects
@: no status effects
A: sickness immunity, AC +3, negative energy resistance 1, electricity
resistance, torment resistance 1, petrification resistance
a: no special abilities


You were on level 3 of the Dungeon.
You visited 1 branch of the dungeon, and saw 3 of its levels.

You collected 162 gold pieces.

Inventory:

Hand Weapons
 a - a +0 flail (weapon)
Armour
 b - a +0 scale mail (worn)
 c - a +0 buckler (worn)
 q - a +0 helmet (worn)
Jewellery
 k - a ring of see invisible (left hand)
Scrolls
 f - a scroll of enchant armour {unknown}
 g - a scroll of fear {unknown}
 i - a scroll of vulnerability {unknown}
 j - a scroll of revelation {unknown}
 m - 3 scrolls of teleportation {unknown}
 o - a scroll of blinking {unknown}
 p - a scroll of noise {unknown}
Potions
 d - 2 potions of might
 e - 3 potions of curing {unknown}
 h - a potion of ambrosia {unknown}
 l - 2 potions of attraction {unknown}
 n - a potion of haste {unknown}


   Skills:
 + Level 3.8 Fighting
 + Level 3.5 Maces & Flails
 + Level 4.0 Armour
 + Level 3.8 Shields


You had 3 spell levels left.
You didn't know any spells.
Your spell library was empty.

Dungeon Overview and Level Annotations

Branches:
Dungeon (3/15)

Altars:
Hepliaklqana

Annotations:
D:3 Grinder


Innate Abilities, Weirdness & Mutations

You are immune to sickness and miasma.
Your stone body is resilient. (AC +3)
You are immune to poison.
You resist negative energy. (rN+)
You are resistant to electric shocks. (rElec)
You are resistant to unholy torment.
You are immune to petrification.


Message History

You are too injured to fight recklessly!
You are too injured to fight recklessly!
You are too injured to fight recklessly!
You are too injured to fight recklessly!
You are too injured to fight recklessly!
You are too injured to fight recklessly!
You are too injured to fight recklessly!
You are too injured to fight recklessly!
Grinder gestures at you. You resist with significant effort.
Grinder attacks as you move away! Grinder hits you.
You writhe in agony.
Grinder gestures at you. Pain shoots through your body!
* * * LOW HITPOINT WARNING * * *
Grinder blinks!
You are too injured to fight recklessly!
You barely miss Grinder. Grinder gestures at you.
Pain shoots through your body!
* * * LOW HITPOINT WARNING * * *
You barely miss Grinder. Grinder gestures at you.
You resist with significant effort.
You hit Grinder.
Grinder is lightly wounded.
Grinder hits you but does no damage.
You barely miss Grinder.
Grinder is lightly wounded.
You block Grinder's attack. Grinder hits you.
* * * LOW HITPOINT WARNING * * *
You closely miss Grinder.
Grinder is lightly wounded.
Grinder hits you but does no damage.
You hit Grinder.
Grinder is lightly wounded.
Grinder blinks!
Grinder hits you.
* * * LOW HITPOINT WARNING * * *
You writhe in agony.
You die...

....##...###............#
#######.## #.#.#.#.####.#
#.# #.#.#.#.####.# #.#
#.#.......##.# ##'##
#.#######.##.#
##...###.##...##.##.#
##.....####.....####.#
##.......##...5...#...#
###.............@...#.###
..'.........#.......#..#
###.(.>.....##.....##..#
##.......####...##...#
##.....## #####...##
##...## ##### ##+##


You could see Grinder.

Vanquished Creatures
  An adder (D:2)
  A worm (D:2)
  4 dart slugs
  7 bats
  9 endoplasms
  A giant cockroach (D:1)
  6 goblins
  8 hobgoblins
  12 jackals
  5 quokkas
  6 ball pythons
  3 frilled lizards (D:1)
  4 kobolds (D:1)
  8 rats (D:2)
75 creatures vanquished.

Notes
Turn   | Place    | Note
-------+----------+-------------------------------------------
     0 | D:1      | AdnanSaban the Gargoyle Fighter began the quest for the
                  | Orb.
     0 | D:1      | Reached XP level 1. HP: 14/14 MP: 1/1
   127 | D:1      | Reached XP level 2. HP: 17/19 MP: 2/2
   331 | D:1      | Reached XP level 3. HP: 22/23 MP: 3/3
   719 | D:1      | Found a faded altar of an unknown god.
  1140 | D:2      | Reached XP level 4. HP: 29/29 MP: 4/4
  1269 | D:2      | Reached skill level 4 in Armour
  1932 | D:3      | Found a hazy altar of Hepliaklqana.
  1935 | D:3      | Noticed Grinder
  1954 | D:3      | HP: 1/29 [Grinder (2)]
  1954 | D:3      | Slain by Grinder

Illustrated notes

Levels and vault maps discovered:
D:1:      wander_arrival_estate, layout_basic,
          shapermc_ecumenical_altar_mp_urbaneastern
D:2:      minmay_angry_zag, layout_loops_ring, minmay_rat_gold_closets
D:3:      layout_loops_corners, mainiacjoe_overflow_alcove_2,
          mainiacjoe_overflow_surrounded_room, lemuel_round_altar, serial_shops,
          nicolae_shop_real_fake_doors, kennysheep_generic_room_5, uniq_sigmund,
          uniq_grinder

Skill      XL: |  1  2  3  4 |
---------------+-------------+-----
Maces & Flails | 3 |  3.5
Armour         | 4 |  4.0
Fighting       | |  3.8
Shields        | |  3.8

Action                     |  1- 3 |  4- 6 || total
---------------------------+-------+-------++-------
  Melee: Flail             |   148 |    82 ||   230
 Armour: Scale mail        |   100 |    31 ||   131
  Dodge: Dodged            |    79 |    24 ||   103
  Block: Buckler           |    37 |    13 ||    50

Table legend: (Time is in decaauts)
 A = Elapsed time spent in this place.
 B = Non-inter-level travel time spent in this place.
 C = Inter-level travel time spent in this place.
 D = Time resting spent in this place.
 E = Time spent auto-exploring this place.
 F = Levels seen in this place.
 G = Mean time per level.
                   A        B        C        D        E       F      G
               +--------+--------+--------+--------+--------+-----+--------+
         Total |   2021 |   1941 |     80 |      0 |   1445 |   3 |  673.7 |
       Dungeon |   2021 |   1941 |     80 |      0 |   1445 |   3 |  673.7 |
               +--------+--------+--------+--------+--------+-----+--------+

Top non-repeatable levels by time:
     D:2: 934 daAuts
     D:1: 933 daAuts
     D:3: 154 daAuts
